 Dungeon Crawl Stone Soup version 0.27.0-1-g7a089689b8 (webtiles) character file.

Game seed: 13055609406814388790

2191 Crownlay the Protected (level 9, -1/81 HPs)
             Began as a Minotaur Berserker on Aug 12, 2021.
             Was a Priest of Trog.
             Slain by an orc warrior (9 damage)
             ... in a bailey.
             The game lasted 00:14:21 (5298 turns).

Crownlay the Protected (Minotaur Berserker)         Turns: 5298, Time: 00:14:21

Health: -1/81      AC: 25    Str: 26    XL:     9   Next: 12%
Magic:  8/8        EV:  8    Int:  4    God:    Trog [***...]
Gold:   321        SH:  0    Dex:  9    Spells: 8/8 levels left

rFire    + + +     SeeInvis +   t - +6 flail of the Freezing Ancients {freeze, *Corrode Fly SInv Stlth+}
rCold    . . .     Faith    .   (no shield)
rNeg     + . .     Spirit   .   r - +9 plate armour "Veiblat" {rF++ Stlth+}
rPois    .         Reflect  .   (helmet restricted)
rElec    .         Harm     .   C - +1 cloak
rCorr    .         Rampage  .   (no gloves)
Will     ++...                  (no boots)
Stlth    ..........             (no amulet)
HPRegen  1.23/turn              d - ring of protection from fire
MPRegen  0.11/turn              f - ring of positive energy

@: strong-willed, flying, regenerating
A: horns 2, retaliatory headbutt
a: Renounce Religion, Berserk, Trog's Hand


You were in a bailey.
You worshipped Trog.
Trog was most pleased with you.
You visited 1 branch of the dungeon, and saw 7 of its levels.
You also visited: Bailey.

You collected 321 gold pieces.

Inventory:

Hand Weapons
 j - a +1 trident
 t - the +6 flail of the Freezing Ancients (weapon) {freeze, *Corrode Fly SInv Stlth+}
   (You found it on level 4 of the Dungeon)

   It freezes those it strikes, dealing additional cold damage.
   It can also slow down cold-blooded creatures.
   SInv:      It lets you see invisible.
   Fly:       It grants you flight.
   *Corrode:  It may corrode you when you take damage.
   Stlth:     It makes you more stealthy.
Missiles
 A - 5 boomerangs (quivered)
Armour
 r - the +9 plate armour "Veiblat" (worn) {rF++ Stlth+}
   (You found it on level 4 of the Dungeon)

   rF:        It greatly protects you from fire.
   Stlth:     It makes you more stealthy.
 C - a +1 cloak (worn)
Jewellery
 d - a ring of protection from fire (left hand)
 f - a ring of positive energy (right hand)
 w - a ring of willpower
Wands
 o - a wand of flame (31)
 x - a wand of digging (6)
Scrolls
 c - a scroll of summoning {unknown}
 h - a scroll of fog {unknown}
 i - 2 scrolls of noise
 k - 2 scrolls of magic mapping
 l - a scroll of enchant armour
 s - a scroll of teleportation {unknown}
 u - 2 scrolls of enchant weapon
 y - a scroll of holy word
 B - a scroll of amnesia {unknown}
Potions
 e - a potion of curing {unknown}
 g - 2 potions of flight {unknown}
 n - 2 potions of brilliance {unknown}
 p - 3 potions of haste
 q - 2 potions of degeneration
 z - 2 potions of cancellation {unknown}


   Skills:
 - Level 8.0 Fighting
 - Level 3.6(6.2) Axes
 * Level 8.0(8.3) Maces & Flails
 - Level 10.0 Armour
 - Level 2.1 Dodging


You had 8 spell levels left.
You didn't know any spells.
Your spell library was empty.

Dungeon Overview and Level Annotations

Branches:
Dungeon (7/15)             Temple (0/1) D:5          Bailey (1/1)

Altars:
Cheibriados


Innate Abilities, Weirdness & Mutations

You have a pair of horns on your head.
You reflexively headbutt those who attack you in melee.


Message History

The orc warrior shoots a bolt.
The bolt hits you!
The orc warrior shoots a bolt.
The bolt hits you!
The orc warrior shoots a bolt.
The bolt hits you but does no damage.
The orc warrior unwields a +0 arbalest.
The orc warrior hits you!
The orc knight hits you but does no damage.
You hit the orc warrior. You freeze the orc warrior.
The orc warrior is moderately wounded.
The orc warrior no longer looks unusually strong.
The orc warrior barely misses you. The orc knight closely misses you.
You closely miss the orc warrior.
The orc warrior is moderately wounded.
Your skin stops crawling.
You feel less strong-willed.
The orc no longer looks unusually strong.
The orc jeers repeatedly, in orcish tradition.
The orc warrior closely misses you.
The orc knight roars a battlecry!
The orcs go into a battle-frenzy!
You miss the orc warrior.
The orc warrior is moderately wounded.
The orc warrior hits you but does no damage.
The orc knight hits you from afar with a +0 halberd!
* * * LOW HITPOINT WARNING * * *
The orc warrior no longer looks unusually strong. x2
The orc warrior hits you but does no damage.
The orc warrior hits you from afar with a +0 halberd.
* * * LOW HITPOINT WARNING * * *
Your skin crawls.
You feel strong-willed. The orc warrior hits you.
* * * LOW HITPOINT WARNING * * *
The orc warrior hits you from afar with a +0 halberd!
* * * LOW HITPOINT WARNING * * *
The orc knight roars a battlecry!
The orc warriors go into a battle-frenzy!
Okay, then.
You barely miss the orc warrior.
The orc warrior is moderately wounded.
The orc warrior hits you but does no damage.
The orc warrior hits you from afar with a +0 halberd!
You die...

### #####
##∩#########
.....##...##@....##
.≈≈≈..#...#.o≈≈≈..#
≈≈o≈≈.......≈≈o≈≈.#
≈.oo≈.......≈ooo≈.+
≈≈o≈≈..)....≈≈.≈≈.#
≈≈≈..#...#..≈≈≈..#
.... #.∩.##.....##
### ##∩#########
###


You could see an orc knight, 3 orc warriors and an orc (strong).

Vanquished Creatures
  Menkaure (D:6)
  A water moccasin (D:6)
  2 ice beasts
  An orc warrior (Bailey)
  2 sky beasts
  A black bear (D:6)
  2 centaurs
  A necrophage (D:5)
  A bullfrog (D:7)
  5 scorpions
  2 water moccasin zombies
  2 water moccasin skeletons (D:5)
  2 electric eels (D:7)
  A howler monkey (D:6)
  A bullfrog zombie (D:5)
  A hound (D:6)
  2 jellies
  An orc priest (D:7)
  A bullfrog skeleton (D:5)
  A gnoll shaman (D:7)
  2 orc wizards
  A hound skeleton (D:5)
  3 gnolls (D:7)
  A howler monkey skeleton (D:5)
  5 adders
  A shadow imp (D:6)
  2 worms
  A dart slug (D:1)
  13 orcs
  6 bats
  7 endoplasms
  4 giant cockroaches
  13 goblins
  11 hobgoblins
  3 jackals (D:3)
  A quokka (D:1)
  6 ball pythons
  A frilled lizard (D:3)
  8 kobolds
  8 rats
128 creatures vanquished.

Vanquished Creatures (others)
  19 plants (D:7)
19 creatures vanquished.

Grand Total: 147 creatures vanquished

Notes
Turn   | Place    | Note
-------+----------+-------------------------------------------
     0 | D:1      | Crownlay the Minotaur Berserker began the quest for the
                  | Orb.
     0 | D:1      | Reached XP level 1. HP: 19/19 MP: 0/0
   199 | D:1      | Reached XP level 2. HP: 28/28 MP: 1/1
   453 | D:1      | Found a faded altar of an unknown god.
   504 | D:1      | Reached skill level 5 in Fighting
   674 | D:1      | Reached XP level 3. HP: 33/36 MP: 2/2
  1118 | D:1      | Reached ** piety under Trog
  1669 | D:3      | Reached XP level 4. HP: 38/44 MP: 3/3
  2380 | D:4      | Identified the +9 plate armour "Veiblat" {rF++ Stlth+}
  2734 | D:4      | Identified the +6 flail of the Freezing Ancients {freeze,
                  | *Corrode Fly SInv Stlth+}
  2902 | D:4      | Identified the +5 hand axe "Uniabud" {pain, rN+}
  2913 | D:4      | Reached XP level 5. HP: 51/52 MP: 4/4
  3166 | D:5      | Entered Level 5 of the Dungeon
  3278 | D:5      | Noticed a sky beast
  3283 | D:5      | Killed a sky beast
  3283 | D:5      | Reached *** piety under Trog
  3284 | D:5      | Reached skill level 4 in Armour
  3284 | D:5      | Reached XP level 6. HP: 61/61 MP: 5/5
  3298 | D:5      | Reached skill level 5 in Armour
  3754 | D:5      | Reached XP level 7. HP: 62/68 MP: 6/6
  3758 | D:5      | Reached skill level 6 in Armour
  3772 | D:5      | Reached skill level 7 in Armour
  3963 | D:5      | Found a staircase to the Ecumenical Temple.
  4175 | D:6      | Reached skill level 8 in Armour
  4363 | D:6      | Reached XP level 8. HP: 70/74 MP: 7/7
  4406 | D:6      | Reached skill level 9 in Armour
  4537 | D:6      | Found a snail-covered altar of Cheibriados.
  4549 | D:6      | Reached skill level 10 in Armour
  4703 | D:6      | Noticed Menkaure
  4708 | D:6      | Killed Menkaure
  4861 | D:6      | Reached skill level 5 in Maces & Flails
  5222 | D:7      | Reached XP level 9. HP: 71/81 MP: 8/8
  5238 | D:7      | Found a flagged portal.
  5278 | Bailey   | Entered a bailey
  5278 | Bailey   | Noticed an orc knight
  5298 | Bailey   | Slain by an orc warrior

Illustrated notes

Levels and vault maps discovered:
D:1:      dpeg_arrival_morbid_curiosity, layout_basic, basic_ecumenical_altar
D:2:      layout_rooms
D:3:      layout_basic
D:4:      layout_loops_corners, minmay_close_crescents
D:5:      layout_loops_ring, lemuel_temple_firewalk_b, minmay_misc_feat_square,
          minmay_fractal_squares_5
D:6:      layout_gridville, cheibriados_altar_1, uniq_menkaure
D:7:      layout_loops_corners, enter_bailey_5, st_stairs_2,
          amcnicky_mini_pool_small, serial_bayou_lagoon_b
Bailey:   bailey_polearm_4, bailey

Skill      XL: |  1  2  3  4  5  6  7  8  9 |
---------------+----------------------------+-----
Fighting       | 4 5 6 7 8 |  8.0
Armour         | 4 5 8 10 | 10.0
Maces & Flails | 7 8 |  8.0
Axes           | |  3.6
Dodging        | |  2.1

Action                   |  1- 3 |  4- 6 |  7- 9 || total
-------------------------+-------+-------+-------++-------
Melee: Hand axe          |    67 |    40 |       ||   107
       Headbutt          |    12 |    10 |    21 ||    43
       Flail             |       |    36 |   124 ||   160
Invok: Berserk           |     1 |       |     1 ||     2
       Trog's Hand       |       |     1 |     5 ||     6
  Use: Scroll            |       |     2 |     6 ||     8
 Stab: Sleeping          |     1 |     1 |       ||     2
Armor: Animal skin       |    19 |     8 |       ||    27
       Plate armour      |       |    37 |   116 ||   153
Dodge: Dodged            |    47 |    41 |    65 ||   153
